 Dungeon Crawl Stone Soup version 0.27-a0-760-gc38aae387d (webtiles) character file.

Game seed: 6694568579972779219

8785 robertstho the Thaumaturge (level 11, -8/79 HPs)
             Began as a Djinni Fire Elementalist on Mar 24, 2021.
             Shot with a sling bullet by Joseph (16 damage)
             ... on level 9 of the Dungeon.
             The game lasted 00:25:21 (17635 turns).

robertstho the Thaumaturge (DjFE)                  Turns: 17635, Time: 00:25:21

Health: -8/79      AC:  6    Str: 15    XL:     11   Next: 36%
Gold:   425        EV: 19    Int: 21    God:
                   SH:  5    Dex: 16

rFire    + + .     SeeInvis .   s - +3 short sword "Kips" {venom, Fragile Will+ Str+3 Dex+3}
rCold    x . .     Faith    .   (no shield)
rNeg     . . .     Spirit   .   u - +1 robe of Boredom {Str+5}
rPois    ∞         Reflect  +   z - +2 helmet of Dono Zup {rCorr}
rElec    .         Harm     .   (no cloak)
rCorr    +         Rampage  .   (no gloves)
Will     ++...                  (boots unavailable)
Stlth    +++.......             p - amulet of reflection
HPRegen  0.23/turn              B - +4 ring of evasion
MPRegen  0.00/turn              (no ring)

@: flying
A: fire resistance 2, cold vulnerability 1, float, innate caster, hp casting,
extra vitality 1
a: no special abilities


You were on level 9 of the Dungeon.
You visited 1 branch of the dungeon, and saw 9 of its levels.

You collected 425 gold pieces.

Inventory:

Hand Weapons
 g - a +0 spear
 j - the +8 whip "Snakebite" {curare, rPois}
   (You found it on level 6 of the Dungeon)

   It poisons the flesh of those it strikes.
   It protects you from poison.
 m - a +0 short sword of venom
 s - the +3 short sword "Kips" (weapon) {venom, Fragile Will+ Str+3 Dex+3}
   (You found it on level 4 of the Dungeon)

   It poisons the flesh of those it strikes.
   It affects your strength (+3).
   It affects your dexterity (+3).
   It affects your willpower, your defense against some magical effects.
   It will be destroyed if unequipped.
Armour
 u - the +1 robe of Boredom (worn) {Str+5}
   (You found it on level 9 of the Dungeon)

   It affects your strength (+5).
 z - the +2 helmet of Dono Zup (worn) {rCorr}
   (You found it on level 7 of the Dungeon)

   It provides partial protection from all sources of acid and corrosion.
 C - a +0 robe of fire resistance
Jewellery
 p - an amulet of reflection (around neck)
 v - an amulet of regeneration
 B - a +4 ring of evasion (right hand)
Wands
 c - a wand of paralysis (13)
 i - a wand of iceblast (10)
Scrolls
 a - 2 scrolls of teleportation
 b - a scroll of fog {unknown}
 d - 2 scrolls of summoning {unknown}
 e - 2 scrolls of magic mapping {unknown}
 f - 4 scrolls of immolation
 h - 4 scrolls of enchant armour {unknown}
 l - a scroll of silence
 q - a scroll of blinking
 x - a scroll of random uselessness {unknown}
 y - a scroll of identify
Potions
 k - a potion of heal wounds
 n - 3 potions of curing
 o - 2 potions of brilliance
 r - a potion of resistance
 t - a potion of cancellation
 w - 3 potions of ambrosia
 A - a potion of haste
 D - a potion of lignification {unknown}


   Skills:
 * Level 7.1 Fighting
 + Level 6.0 Short Blades
 + Level 6.5 Dodging
 + Level 4.4 Stealth
 + Level 3.4 Shields
 * Level 10.3 Spellcasting


You had one spell level left.
You knew the following spells:

 Your Spells              Type           Power      Damage    Failure   Level
a - Foxfire               Conj/Fire      100%       2x1d9     1%          1
b - Conjure Flame         Conj/Fire      52%        6-21      1%          3
c - Inner Flame           Hex/Fire       52%        N/A       1%          3
d - Sticky Flame          Conj/Fire      52%        2d7       1%          4
e - Fireball              Conj/Fire      26%        3d12      2%          5
f - Sandblast             Erth           100%       2d20      1%          1
g - Swiftness             Air            52%        N/A       1%          2
h - Frozen Ramparts       Ice            100%       1d12      1%          3
i - Confusing Touch       Hex            52%        N/A       1%          3
j - Fulminant Prism       Conj/Hex       26%        3d14      1%          4
Your spell library was empty.

Dungeon Overview and Level Annotations

Branches:
Dungeon (9/15)             Temple (0/1) D:5            Lair (0/6) D:8
    Orc: D:9-12

Altars:
Ashenzari
Gozag
Hepliaklqana
Makhleb
Qazlal
Sif Muna
Uskayaw
Wu Jian
Xom
Yredelemnul
Zin
The Shining One
Beogh

Shops:
D:6 :[[   D:9 *

Annotations:
D:9 Joseph


Innate Abilities, Weirdness & Mutations

You are immune to poison.
Your flesh is very heat resistant. (rF++)
You are vulnerable to cold. (rC-)
You float through the air rather than walking.
You learn spells naturally, not from books.
Your magical power is your life essence.
You have superior vitality. (+4 HP)


Message History

The sticky flame hits the centaur warrior.
The centaur warrior is almost dead.
The centaur warrior is covered in liquid flames!
* * * LOW HITPOINT WARNING * * *
The centaur warrior burns!
The centaur warrior hits you.
* * * LOW HITPOINT WARNING * * *
You block the centaur warrior's attack.
You feel much better.
The centaur warrior burns!
You kill the centaur warrior!
Unknown command.
Casting: Sticky Flame (dangerous; 1% risk of failure)
Confirm with . or Enter, or press ? or * to list all spells.
Aiming: Fireball (dangerous; 2% risk of failure)
Press: ? - help, Shift-Dir - straight line, f - Joseph
Aim: Joseph, wielding a +0 hunting sling, wearing a +0 leather armour and quivering sling bullets The fireball explodes!
The fireball engulfs Joseph!!
Joseph is moderately wounded.
You hear a shout!
Joseph shoots a sling bullet.
The sling bullet hits you!!
* * * LOW HITPOINT WARNING * * *
Casting: Fireball (dangerous; 2% risk of failure)
Confirm with . or Enter, or press ? or * to list all spells.
Aiming: Fireball (dangerous; 2% risk of failure)
Press: ? - help, Shift-Dir - straight line, f/p - Joseph
Aim: Joseph, wielding a +0 hunting sling, wearing a +0 leather armour and quivering sling bullets (moderately wounded)
The fireball explodes!
The fireball engulfs Joseph!
Joseph is heavily wounded.
* * * LOW HITPOINT WARNING * * *
Joseph shoots a sling bullet.
The sling bullet barely misses you.
Casting: Fireball (dangerous; 2% risk of failure)
Confirm with . or Enter, or press ? or * to list all spells.
Aiming: Fireball (dangerous; 2% risk of failure)
Press: ? - help, Shift-Dir - straight line, f/p - Joseph
Aim: Joseph, wielding a +0 hunting sling, wearing a +0 leather armour and quivering sling bullets (heavily wounded)
The fireball explodes!
The fireball engulfs Joseph!!
Joseph is almost dead.
* * * LOW HITPOINT WARNING * * *
Joseph looks very unfriendly.
Joseph shoots a sling bullet.
The sling bullet hits you!
You die...

#...# #.....#
## #...#.
#.##### .#
#...#. #.# .#
#...#.. #.## .#
#...#...#..# .#
#...###'#..# .#
#..........# .#
.........# .#
........@# .#
........)....#
.#
.............#
.#
......@.......#
.#
..............#
.#
.............#
.#
###........###
## #........# #


You could see Joseph.

Vanquished Creatures
  A boulder beetle (D:8)
  A centaur warrior (D:9)
  A wizard (D:7)
  Pikel (D:5)
  An ugly thing (D:7)
  A gargoyle (D:8)
  A slime creature (D:7)
  A shadow (D:8)
  A basilisk (D:7)
  5 yaks (D:9)
  2 wraiths
  2 vampire mosquitoes (D:7)
  A steam dragon (D:9)
  A water moccasin (D:8)
  A black bear (D:7)
  5 orc warriors
  A sky beast (D:6)
  An ice beast (D:8)
  2 necrophages
  5 ogres
  3 lemures (D:5)
  3 centaurs
  A phantom (D:5)
  3 kobold brigands
  5 bullfrogs
  5 wights
  5 howler monkeys (D:7)
  A centaur skeleton (D:7)
  A centaur zombie (D:5)
  2 bullfrog zombies
  5 orc priests
  A hound (D:6)
  2 jellies
  2 gnoll shamans (D:6)
  A bullfrog skeleton (D:4)
  3 iguanas
  10 orc wizards
  5 worker ants
  4 howler monkey zombies
  13 gnolls
  8 adders
  A shadow imp (D:8)
  A white imp (D:5)
  An ufetubus (D:7)
  4 dart slugs
  3 worms
  51 orcs
  4 endoplasms
  2 giant cockroaches
  5 hobgoblins
  8 jackals
  2 quokkas
  6 ball pythons
  6 bats
  5 frilled lizards
  8 goblins
  8 kobolds
  12 rats
245 creatures vanquished.

Vanquished Creatures (others)
  279 foxfires
  4 plants (D:7)
283 creatures vanquished.

Grand Total: 528 creatures vanquished

Notes
Turn   | Place    | Note
-------+----------+-------------------------------------------
     0 | D:1      | robertstho the Djinni Fire Elementalist began the quest for
                  | the Orb.
     0 | D:1      | Reached XP level 1. HP: 15/15 MP: 0/0
   287 | D:1      | Reached skill level 3 in Spellcasting
   340 | D:1      | Reached XP level 2. HP: 16/21 MP: 0/0
   815 | D:1      | Reached XP level 3. HP: 19/25 MP: 0/0
   815 | D:1      | Learned a level 1 spell: Sandblast
  1544 | D:2      | Reached XP level 4. HP: 22/31 MP: 0/0
  1678 | D:2      | Found a burning altar of Makhleb.
  1751 | D:2      | Reached skill level 4 in Spellcasting
  1754 | D:2      | Found a shimmering altar of Xom.
  2252 | D:3      | Found an ornate altar of the Wu Jian Council.
  2371 | D:3      | Reached skill level 1 in Fighting
  2377 | D:3      | Reached XP level 5. HP: 33/37 MP: 0/0
  2377 | D:3      | Learned a level 2 spell: Swiftness
  4425 | D:4      | Identified the +3 short sword "Kips" {venom, Fragile Will+
                  | Str+3 Dex+3}
  4637 | D:4      | Reached XP level 6. HP: 39/42 MP: 0/0
  4643 | D:4      | Reached skill level 5 in Spellcasting
  5000 | D:4      | Found a hazy altar of Hepliaklqana.
  5000 | D:4      | Found a glowing golden altar of the Shining One.
  5544 | D:5      | Entered Level 5 of the Dungeon
  5588 | D:5      | Reached skill level 1 in Short Blades
  5588 | D:5      | Reached XP level 7. HP: 24/49 MP: 0/0
  5588 | D:5      | Learned a level 3 spell: Frozen Ramparts
  5752 | D:5      | Noticed Pikel
  6023 | D:5      | Killed Pikel
  6024 | D:5      | Reached skill level 6 in Spellcasting
  6024 | D:5      | Reached XP level 8. HP: 18/55 MP: 0/0
  6358 | D:5      | Found a staircase to the Ecumenical Temple.
  6940 | D:5      | Reached skill level 1 in Shields
  7422 | D:5      | Found a stormy altar of Qazlal.
  7905 | D:6      | Found Ginuz's Armour Boutique.
  8230 | D:6      | Found Cihawe's Book Emporium.
  8642 | D:6      | Reached XP level 9. HP: 48/63 MP: 0/0
  8642 | D:6      | Learned a level 3 spell: Confusing Touch
  8851 | D:6      | Found the +8 whip "Snakebite" {curare, rPois}
  9045 | D:6      | Found Sifip's Armour Shop.
  9157 | D:7      | Found a glowing silver altar of Zin.
  9167 | D:7      | Reached skill level 7 in Spellcasting
  9312 | D:6      | Reached skill level 5 in Fighting
 11034 | D:7      | Reached skill level 5 in Dodging
 11226 | D:7      | Noticed a wizard
 11234 | D:7      | Killed a wizard
 11269 | D:7      | Noticed a brown ugly thing
 11292 | D:7      | Reached skill level 5 in Short Blades
 11509 | D:7      | Reached XP level 10. HP: 28/72 MP: 0/0
 11894 | D:7      | Killed a brown ugly thing
 12568 | D:7      | Reached skill level 8 in Spellcasting
 12744 | D:7      | Identified the +2 helmet of Dono Zup {rCorr}
 13399 | D:8      | Found a basalt altar of Yredelemnul.
 13417 | D:8      | Found a broken altar of Ashenzari.
 13453 | D:8      | Found a hide-covered altar of Uskayaw.
 14491 | D:8      | Noticed a gargoyle
 14499 | D:8      | Killed a gargoyle
 15075 | D:8      | Reached skill level 9 in Spellcasting
 15572 | D:8      | Found a staircase to the Lair.
 15749 | D:8      | Noticed a boulder beetle
 16214 | D:8      | Killed a boulder beetle
 16215 | D:8      | Reached XP level 11. HP: 47/78 MP: 0/0
 16215 | D:8      | Learned a level 4 spell: Fulminant Prism
 16679 | D:9      | Identified the +1 robe of Boredom {Str+5}
 17078 | D:9      | Reached skill level 10 in Spellcasting
 17242 | D:9      | Found Gozag's Platinum Reserve.
 17242 | D:9      | Found an opulent altar of Gozag.
 17623 | D:9      | Noticed a centaur warrior
 17626 | D:9      | Noticed Joseph
 17628 | D:9      | HP: 1/79 [centaur warrior/arrow (28)]
 17632 | D:9      | Killed a centaur warrior
 17635 | D:9      | Shot with a sling bullet by Joseph

Illustrated notes

Levels and vault maps discovered:
D:1:      dpeg_arrival_pits, layout_basic
D:2:      layout_basic, nicolae_overflow_crystal_walls, makhleb_grotto_becter
D:3:      layout_basic, general_overflow_altar, nicolae_wu_jian_wuxing_cycle,
          minmay_cupped
D:4:      layout_loops_corners, gammafunk_temple_overflow_pools
D:5:      layout_basic, nicolae_qazlal_scattered_showers,
          minmay_temple_entry_mist, uniq_pikel
D:6:      layout_gridville, serial_shops, nicolae_shop_statue_plus,
          kennysheep_little_box, shop, hangedman_abyss_or_decor_lesser_grid
D:7:      nzn_winding_woodlands_cross [nzn_winding_woodlands_5x15_pockets,
          nzn_winding_woodlands_5x15_eye, nzn_winding_woodlands_5x15_default,
          nzn_winding_woodlands_5x15_crooked,
          nzn_winding_woodlands_15x15_thick_spiral], layout_loops_corners,
          kennysheep_mini, serial_bayou_pond_e
D:8:      minmay_ornate_pinched, layout_layer_cave,
          nicolae_uskayaw_murder_on_the_dancefloor, grunt_temple_overflow_open,
          special_room [special_room_orc], moated_statue
D:9:      layout_irregular_city, nicolae_gozag_zags_fifth_avenue,
          small_statue_intersection, uniq_joseph

Skill      XL: |  1  2  3  4  5  6  7  8  9 10 11 |
---------------+----------------------------------+-----
Spellcasting   | 3 4 5 6 7 9 10 | 10.3
Fighting       | 1 2 4 5 6 7 |  7.1
Stealth        | 2 3 4 |  4.4
Short Blades   | 1 2 3 5 6 |  6.0
Dodging        | 3 4 5 6 |  6.5
Shields        | 1 2 3 |  3.4

Action                   |  1- 3 |  4- 6 |  7- 9 | 10-12 || total
-------------------------+-------+-------+-------+-------++-------
Melee: Spear             |     2 |       |       |       ||     2
       Short sword       |       |    72 |   198 |    89 ||   359
 Cast: Foxfire           |    59 |   108 |     3 |       ||   170
       Sticky Flame      |       |     1 |    39 |    22 ||    62
       Inner Flame       |       |     1 |       |       ||     1
       Fireball          |       |       |     3 |    85 ||    88
       Swiftness         |       |       |     1 |       ||     1
  Use: Scroll            |       |     2 |    12 |     5 ||    19
       Potion            |       |       |       |     4 ||     4
 Stab: Sleeping          |       |       |     2 |     2 ||     4
       Distracted        |       |       |       |     1 ||     1
Armor: Robe              |       |    18 |    18 |    11 ||    47
Dodge: Dodged            |     9 |    82 |   156 |    59 ||   306
Block: Other             |       |       |    62 |    14 ||    76

Table legend: (Time is in decaauts)
 A = Elapsed time spent in this place.
 B = Non-inter-level travel time spent in this place.
 C = Inter-level travel time spent in this place.
 D = Time resting spent in this place.
 E = Time spent auto-exploring this place.
 F = Levels seen in this place.
 G = Mean time per level.
                   A        B        C        D        E       F      G
               +--------+--------+--------+--------+--------+-----+--------+
         Total |  17622 |  17276 |    346 |   5072 |  10283 |   9 | 1958.0 |
       Dungeon |  17622 |  17276 |    346 |   5072 |  10283 |   9 | 1958.0 |
               +--------+--------+--------+--------+--------+-----+--------+

Top non-repeatable levels by time:
     D:7: 3200 daAuts
     D:6: 3035 daAuts
     D:8: 2546 daAuts
     D:5: 2229 daAuts
     D:3: 1683 daAuts
     D:1: 1360 daAuts
     D:4: 1347 daAuts
     D:2: 1157 daAuts
     D:9: 1060 daAuts
